 Dungeon Crawl Stone Soup version 0.27-a0-1416-g941b2bd30b (webtiles) character file.

Game seed: 17721249643166248218

105 Tocho the Ruffian (level 4, -2/35 HPs)
             Began as a Draconian Transmuter on July 1, 2021.
             Slain by a quokka (3 damage)
             ... on level 3 of the Dungeon.
             The game lasted 00:03:22 (2569 turns).

Tocho the Ruffian (Draconian Transmuter)            Turns: 2569, Time: 00:03:22

Health: -2/35      AC:  5    Str: 13    XL:     4   Next: 54%
Magic:  16/16      EV: 12    Int: 14    God:
Gold:   69         SH:  0    Dex: 11    Spells: 4/7 levels left

rFire    . . .     SeeInvis .     - Unarmed
rCold    . . .     Faith    .   (no shield)
rNeg     . . .     Spirit   .   (armour unavailable)
rPois    .         Reflect  .   (helmet restricted)
rElec    .         Harm     .   (no cloak)
rCorr    .         Rampage  .   (no gloves)
Will     .....                  (no boots)
Stlth    +.........             (no amulet)
HPRegen  0.11/turn              i - ring of magical power
MPRegen  0.15/turn              h - ring of wizardry

@: no status effects
A: AC +5, unfitting armour, cold-blooded
a: no special abilities


You were on level 3 of the Dungeon.
You visited 1 branch of the dungeon, and saw 3 of its levels.

You collected 69 gold pieces.

Inventory:

Jewellery
 h - a ring of wizardry (right hand)
 i - a ring of magical power (left hand)
Wands
 c - a wand of flame (18)
Scrolls
 a - 4 scrolls of teleportation {unknown}
 d - 3 scrolls of identify {unknown}
 e - a scroll of enchant armour {unknown}
 j - a scroll of blinking {unknown}
Potions
 f - a potion of brilliance {unknown}
 g - a potion of heal wounds {unknown}


   Skills:
 * Level 1.4 Fighting
 * Level 2.5 Dodging
 + Level 0.2 Stealth
 * Level 4.2 Unarmed Combat
 + Level 2.4 Spellcasting
 + Level 2.4 Transmutations


You had 4 spell levels left.
You knew the following spells:

 Your Spells              Type           Power      Damage    Failure   Level
a - Beastly Appendage     Tmut           16%        N/A       3%          1
b - Wereblood             Tmut           8%         N/A       5%          2

Your spell library contained the following spells:

 Spells                   Type           Power      Damage    Failure   Level
 Poisonous Vapours        Pois/Air       2%         N/A       14%         2
 Spider Form              Tmut/Pois      2%         N/A       16%         3
 Mephitic Cloud           Conj/Pois/Air  1%         N/A       26%         3
 Ice Form                 Ice/Tmut       5%         N/A       45%         4
 Freezing Cloud           Conj/Ice/Air   0%         6-21      91%         5


Dungeon Overview and Level Annotations

Branches:
Dungeon (3/15)

Altars:


Innate Abilities, Weirdness & Mutations

Your plain brown scales are hard. (AC +5)
You cannot fit into any form of body armour.
You are cold-blooded and may be slowed by cold attacks.


Message History

You are too injured to fight recklessly!
You are too injured to fight recklessly!
You barely miss the phantom. Your kick misses the phantom.
The phantom is heavily damaged.
You barely miss the phantom. Your headbutt misses the phantom.
The phantom is heavily damaged.
Your transformation is almost over.
The phantom hits you.
* * * LOW HITPOINT WARNING * * *
You hit the phantom. You tail-slap the phantom.
The phantom is heavily damaged.
The phantom barely misses you.
You barely miss the phantom.
You headbutt the phantom, but do no damage.
The phantom is heavily damaged.
The phantom hits you.
* * * LOW HITPOINT WARNING * * *
You barely miss the phantom.
The phantom is heavily damaged.
The quokka barely misses you. The phantom closely misses you.
You hit the quokka but do no damage. Your kick misses the quokka.
You tail-slap the quokka, but do no damage.
The quokka bites you.
* * * LOW HITPOINT WARNING * * *
The phantom hits you but does no damage.
The quokka bites you but does no damage.
Your primal bloodlust is almost over.
The quokka completely misses you. The quokka barely misses you.
You see here a dark potion.
It was a potion of curing.
You feel better. The phantom closely misses you. The quokka bites you.
* * * LOW HITPOINT WARNING * * *
You barely miss the phantom.
The phantom is heavily damaged.
Your horns disappear.
Your talons disappear.
The quokka completely misses you. The phantom hits you.
* * * LOW HITPOINT WARNING * * *
Your primal bloodlust has ended.
The quokka bites you.
You die...

#≈≈## #.# ##≈≈#
#.. .. #.# #.≈#
≈)# . #.#
####.##≈.# #.
#.#
#≈≈≈##≈≈.##.
#.##
###≈.#≈#.#..
#..# #≈.≈≈..#.#
##.# #.≈≈#.##.#
#.## ##≈##.##@#
#..## #.##.##r#
###..##
#....##W# ##
#......
####.##!#..###
#.####.
#.#.........
... ##
#...###.#######
# #...# # #
.....?.## #
#####.## .


You could see a phantom and a quokka.

Vanquished Creatures
  Jessica (D:3)
  A hound skeleton (D:2)
  An adder (D:2)
  3 worms (D:2)
  3 ball pythons (D:2)
  3 endoplasms
  3 giant cockroaches (D:2)
  A hobgoblin (D:2)
  10 jackals
  3 kobolds
  3 bats (D:2)
  2 frilled lizards
  8 goblins
  2 rats
44 creatures vanquished.

Notes
Turn   | Place    | Note
-------+----------+-------------------------------------------
     0 | D:1      | Tocho the Draconian Transmuter began the quest for the Orb.
     0 | D:1      | Reached XP level 1. HP: 16/16 MP: 3/3
    47 | D:1      | Found a faded altar of an unknown god.
   448 | D:1      | Reached XP level 2. HP: 23/23 MP: 5/5
   451 | D:1      | Learned a level 2 spell: Wereblood
  1235 | D:2      | Reached XP level 3. HP: 28/28 MP: 6/6
  1766 | D:2      | Reached skill level 4 in Unarmed Combat
  1946 | D:2      | Reached XP level 4. HP: 35/35 MP: 7/7
  2486 | D:3      | Noticed Jessica
  2492 | D:3      | Killed Jessica
  2545 | D:3      | Noticed a phantom
  2561 | D:3      | HP: 1/35 [quokka (3)]
  2566 | D:3      | HP: 1/35 [phantom (5)]
  2569 | D:3      | Slain by a quokka

Illustrated notes

Levels and vault maps discovered:
D:1:      dpeg_arrival_erosion, layout_basic, hellmonk_ecumenical_altar_lost_god
D:2:      layout_basic
D:3:      layout_rooms, portal_sewer_entry_e, chequers_serial_rivers_small_b,
          uniq_jessica

Skill      XL: |  1  2  3 |
---------------+----------+-----
Dodging        | 2 |  2.5
Unarmed Combat | 4 |  4.2
Fighting       | |  1.4
Stealth        | |  0.2
Spellcasting   | |  2.4
Transmutations | |  2.4

Action                   |  1- 3 |  4- 6 || total
-------------------------+-------+-------++-------
Melee: Unarmed           |   136 |    43 ||   179
       Tailslap          |    12 |     5 ||    17
       Headbutt          |     3 |     1 ||     4
       Kick              |     4 |     3 ||     7
       Punch             |     2 |     1 ||     3
 Cast: Beastly Appendage |     4 |     2 ||     6
       Wereblood         |     4 |     3 ||     7
  Use: Potion            |       |     1 ||     1
Armor: Skin              |    43 |    17 ||    60
Dodge: Dodged            |    69 |    20 ||    89

Table legend: (Time is in decaauts)
 A = Elapsed time spent in this place.
 B = Non-inter-level travel time spent in this place.
 C = Inter-level travel time spent in this place.
 D = Time resting spent in this place.
 E = Time spent auto-exploring this place.
 F = Levels seen in this place.
 G = Mean time per level.
                   A        B        C        D        E       F      G
               +--------+--------+--------+--------+--------+-----+--------+
         Total |   2559 |   2512 |     47 |    140 |   1957 |   3 |  853.0 |
       Dungeon |   2559 |   2512 |     47 |    140 |   1957 |   3 |  853.0 |
               +--------+--------+--------+--------+--------+-----+--------+

Top non-repeatable levels by time:
     D:2: 1249 daAuts
     D:1: 1134 daAuts
     D:3: 174 daAuts
